 Dungeon Crawl Stone Soup version 0.19.4-9-g45fd643 (webtiles) character file.

493 JeffiDaFish the Shield-Bearer (level 7, -1/44 HPs)
             Began as a Gargoyle Fighter on Feb 21, 2017.
             Was an Initiate of Okawaru.
             Killed from afar by an orc wizard (9 damage)
             ... with a magic dart
             ... on level 4 of the Dungeon.
             The game lasted 00:06:24 (2537 turns).

JeffiDaFish the Shield-Bearer (Gargoyle Fighter)    Turns: 2537, Time: 00:06:24

Health: -1/44      AC: 18    Str: 20    XL:     7   Next: 15%
Magic:  7/7        EV:  8    Int:  8    God:    Okawaru [......]
Gold:   179        SH: 10    Dex: 11    Spells: 0 memorised, 6 levels left

rFire  . . .     SeeInvis .     a - +0 flail
rCold  . . .     Gourm    .     b - +0 scale mail
rNeg   + . .     Faith    .     c - +0 shield
rPois  ∞         Spirit   .     i - +1 helmet
rElec  +         Reflect  .     (no cloak)
rCorr  .         Harm     .     h - +2 pair of gloves
MR     .....                    m - +0 pair of boots
Stlth  ..........               (no amulet)
                                (no ring)
                                (no ring)

@: no status effects
A: negative energy resistance 1, electricity resistance, unbreathing,
petrification resistance, rot immunity, AC +4
a: Renounce Religion


You were on level 4 of the Dungeon.
You worshipped Okawaru.
Okawaru was noncommittal.
You were not hungry.

You visited 1 branch of the dungeon, and saw 4 of its levels.

You collected 179 gold pieces.

Inventory:

Hand Weapons
 a - a +0 flail (weapon)
Armour
 b - a +0 scale mail (worn)
 c - a +0 shield (worn)
 h - a +2 pair of gloves (worn)
 i - a +1 helmet (worn)
 m - a +0 pair of boots (worn)
Jewellery
 l - an uncursed ring of flight {unknown}
Scrolls
 e - 3 scrolls of fog
 j - a scroll of identify
Comestibles
 f - 3 bread rations
 k - 5 fruits


   Skills:
 + Level 4.6 Fighting
 + Level 4.7 Maces & Flails
 + Level 4.5 Armour
 + Level 1.4 Dodging
 + Level 4.9 Shields


You had 6 spell levels left.
You didn't know any spells.

Dungeon Overview and Level Annotations

Branches:
Dungeon (4/15)
 Temple: D:4-7

Altars:
Okawaru
Trog
Uskayaw


Innate Abilities, Weirdness & Mutations

You are resistant to torment.
Your stone body is resilient. (AC +4)
You are immune to poison.
You resist negative energy. (rN+)
You are resistant to electric shocks. (rElec)
You can survive without breathing.
You are immune to petrification.
You are immune to rotting.


Message History

The orc wizard hits you but does no damage.
The orc wizard casts a spell at you. The puff of flame hits you!
* * * LOW HITPOINT WARNING * * *
The orc completely misses you. You block the orc's attack.
The orc wizard hits you but does no damage. x2
You closely miss the orc wizard.
The orc wizard is severely wounded.
You feel yourself speed up. The orc wizard closely misses you.
You block the orc wizard's attack.
The orc wizard hits you but does no damage.
The orc hits you but does no damage. The orc hits you with a flail.
* * * LOW HITPOINT WARNING * * *
The orc wizard hits you but does no damage. x2
You block the orc wizard's attack. You block the orc's attack.
You barely miss the orc wizard.
The orc wizard is severely wounded.
The orc wizard gestures at you while chanting.
The magic dart hits you!
You die...

#########
#oo......
#@oo.....
#oo......
#oo..!...
#........
#........
......#..
..)......
.........
###.#..#..


You could see 3 orc wizards and 5 orcs.

Vanquished Creatures
  Grinder (D:3)
  Sigmund (D:2)
  An orc wizard (D:4)
  Robin (D:2)
  2 adders (D:2)
  An ooze (D:2)
  A worm (D:2)
  2 dart slugs (D:1)
  3 leopard geckos (D:3)
  2 orcs (D:4)
  2 giant cockroaches (D:1)
  16 goblins
  11 hobgoblins
  7 jackals (D:1)
  A quokka (D:3)
  A ball python (D:1)
  8 bats
  8 frilled lizards
  8 kobolds
  6 rats
83 creatures vanquished.

Notes
Turn   | Place    | Note
-------+----------+-------------------------------------------
     0 | D:1      | JeffiDaFish the Gargoyle Fighter began the quest for the Orb.
     0 | D:1      | Reached XP level 1. HP: 14/14 MP: 1/1
   103 | D:1      | Reached XP level 2. HP: 14/19 MP: 2/2
   359 | D:1      | Reached XP level 3. HP: 21/23 MP: 3/3
  1163 | D:2      | Noticed Sigmund
  1181 | D:2      | Killed Sigmund
  1181 | D:2      | Reached skill level 1 in Dodging
  1181 | D:2      | Reached XP level 4. HP: 18/29 MP: 4/4
  1181 | D:2      | Reached XP level 5. HP: 20/33 MP: 5/5
  1191 | D:2      | Noticed Robin
  1219 | D:2      | Killed Robin
  1219 | D:2      | Reached XP level 6. HP: 29/38 MP: 6/6
  1580 | D:2      | Found a hide-covered altar of Uskayaw.
  1688 | D:2      | Found a bloodstained altar of Trog.
  1688 | D:2      | Found a faded altar of an unknown god.
  1693 | D:2      | Found an iron altar of Okawaru.
  1696 | D:2      | Found a faded altar of an unknown god.
  1698 | D:2      | Found a faded altar of an unknown god.
  1703 | D:2      | Became a worshipper of Warmaster Okawaru
  1976 | D:3      | Noticed a phantom
  2126 | D:3      | Noticed Grinder
  2129 | D:3      | Paralysed by Grinder for 3 turns
  2140 | D:3      | Killed Grinder
  2140 | D:3      | Reached XP level 7. HP: 44/44 MP: 7/7
  2532 | D:4      | HP: 2/44 [orc wizard/magic dart (9)]
  2537 | D:4      | Killed from afar by an orc wizard

Skill      XL: |  1  2  3  4  5  6 |
---------------+-------------------+-----
Fighting       | 4 |  4.6
Maces & Flails | 3 4 |  4.7
Armour         | 4 |  4.5
Dodging        | 1 |  1.4
Shields        | 4 |  4.9

Action                   |  1- 3 |  4- 6 |  7- 9 || total
-------------------------+-------+-------+-------++-------
Melee: Flail             |   149 |   142 |    58 ||   349
  Use: Potion            |     3 |     3 |     2 ||     8
       Scroll            |     1 |     5 |     1 ||     7
  Eat: Chunk             |     1 |     4 |     1 ||     6
Armor: Scale mail        |    97 |    83 |    71 ||   251
Dodge: Dodged            |    53 |    42 |    54 ||   149
Block: Shield            |    83 |    71 |    70 ||   224
